 Dungeon Crawl Stone Soup version 0.24-a0-459-g225fefd530 (webtiles) character file.

Game seed: 17170671997562436019

103 Gargoyl the Skirmisher (level 4, 0/38 HPs)
             Began as a Centaur Abyssal Knight on June 29, 2019.
             Was a Believer of Lugonu.
             Succumbed to an adder's poison
             ... on level 3 of the Dungeon.
             The game lasted 00:03:25 (2287 turns).

Gargoyl the Skirmisher (Centaur Abyssal Knight)     Turns: 2287, Time: 00:03:26

Health: 0/38       AC:  8    Str: 18 (19) XL:     4   Next: 51%
Magic:  14/14      EV:  2    Int: 10 (11) God:    Lugonu [**....]
Gold:   111        SH:  8    Dex:  9 (10) Spells: 3/3 levels left

rFire    . . .     SeeInvis .   a - +2 hand axe
rCold    . . .     Gourm    +   o - +1 shield
rNeg     . . .     Faith    .   g - +0 chain mail
rPois    .         Spirit   .   n - +0 helmet
rElec    .         Reflect  .   (no cloak)
rCorr    .         Harm     .   (no gloves)
MR       .....                  (no barding)
Stlth    ..........             d - amulet of the gourmand
HPRegen  0.12/turn              f - ring of magical power
MPRegen  0.14/turn              (no ring)

@: mighty, lethally poisoned (0 -> -13), very quick
A: large, hooves 3, deformed body, speed 2, tough skin 3
a: Depart the Abyss, Bend Space, Renounce Religion


You were on level 3 of the Dungeon.
You worshipped Lugonu.
Lugonu was pleased with you.
You were not hungry.

You visited 1 branch of the dungeon, and saw 3 of its levels.
You visited the Abyss 1 time.

You collected 111 gold pieces.

Inventory:

Hand Weapons
 a - a +2 hand axe (weapon)
Armour
 g - a +0 chain mail (worn)
 n - a +0 helmet (worn)
 o - a +1 shield (worn)
Jewellery
 d - an amulet of the gourmand (around neck)
 f - a ring of magical power (left hand)
Scrolls
 i - a scroll of remove curse
 j - 3 scrolls of identify
 k - a scroll of teleportation
Potions
 b - a potion of magic
Comestibles
 c - 4 rations


   Skills:
 + Level 3.3 Fighting
 + Level 2.4 Axes
 * Level 2.4 Armour
 * Level 1.3 Dodging
 + Level 0.2 Shields
 * Level 2.5 Invocations


You had 3 spell levels left.
You didn't know any spells.
Your spell library was empty.

Dungeon Overview and Level Annotations

Branches:
Dungeon (3/15)

Altars:

Annotations:
D:2 Sigmund


Innate Abilities, Weirdness & Mutations

You have hooves in place of feet.
Armour fits poorly on your strangely shaped body.
You cover ground very quickly.
You have extremely tough skin. (AC +3)


Message History

You feel sick. The adder bites you but does no damage.
You hit the adder but do no damage. Your kick misses the adder.
The adder is severely wounded.
The adder bites you but does no damage. You block the adder's attack.
You miss the adder.
The adder is severely wounded.
* * * LOW HITPOINT WARNING * * *
You feel sick.
The adder bites you but does no damage. x2
Your shield and chain mail prevent you from hitting the adder.
The adder is severely wounded.
* * * LOW HITPOINT WARNING * * *
You feel sick. The adder bites you.
* * * LOW HITPOINT WARNING * * *
The adder bites you.
* * * LOW HITPOINT WARNING * * *
You are more poisoned.
The adder poisons you!
It was a potion of might.
You feel very mighty all of a sudden.
You die...

####.....
#........
#.#####.##.#...
#........#.#... ##
##########..#.#...
..
#...........#.####
#.##.#########.#.#
#...S....... .#.#
#..#@####### ##.#
#..#.# #. #.# #.
#รท# # #.# #.# #.#
#.# #.#


You could see an adder.

Vanquished Creatures
  A howler monkey (D:3)
  An adder (D:3)
  A dart slug (D:1)
  A leopard gecko (D:1)
  5 orcs (D:3)
  2 giant cockroaches (D:3)
  6 hobgoblins
  8 jackals
  2 quokkas (D:3)
  4 bats
  4 frilled lizards (D:3)
  2 goblins
  6 kobolds (D:1)
  6 rats
49 creatures vanquished.

Notes
Turn   | Place    | Note
-------+----------+-------------------------------------------
     0 | Abyss:1  | Gargoyl the Centaur Abyssal Knight began the quest for the
                  | Orb.
     0 | Abyss:1  | Reached XP level 1. HP: 19/19 MP: 2/2
    83 | Abyss:1  | Noticed a small abomination
   141 | Abyss:2  | Noticed a tentacled starspawn
   211 | Abyss:3  | Noticed a spatial vortex
   214 | Abyss:3  | Noticed a tentacled starspawn
   228 | Abyss:3  | Noticed a spatial maelstrom
   228 | Abyss:3  | Noticed a spatial vortex
   229 | Abyss:3  | Noticed a spatial vortex
   230 | Abyss:3  | Noticed an ancient zyme
   236 | Abyss:3  | Noticed a smoke demon
   237 | D:1      | Escaped the Abyss
   715 | D:1      | Reached * piety under Lugonu
   924 | D:1      | Reached XP level 2. HP: 18/26 MP: 3/3
  1100 | D:1      | Reached skill level 1 in Dodging
  1411 | D:2      | Noticed Sigmund
  1750 | D:3      | Reached XP level 3. HP: 31/31 MP: 4/4
  1947 | D:3      | Reached ** piety under Lugonu
  1953 | D:3      | HP: 1/31 [orc/+0 trident (1)]
  2137 | D:3      | Reached XP level 4. HP: 11/38 MP: 5/5
  2286 | D:3      | HP: 1/38 [adder (3)]
  2287 | D:3      | Succumbed to an adder's poison

Levels and vault maps discovered:
D:1:      dpeg_arrival_leaves_temple_mockup, layout_rooms
D:2:      layout_basic, uniq_sigmund
D:3:      layout_basic, first_ration, portal_sewer_entry_d

Skill      XL: |  1  2 |
---------------+-------+-----
Dodging        | 1 |  1.3
Armour         | 2 |  2.4
Axes           | 2 |  2.4
Fighting       | |  3.3
Shields        | |  0.2
Invocations    | |  2.5

Action                   |  1- 3 |  4- 6 || total
-------------------------+-------+-------++-------
Melee: Hand axe          |   134 |    17 ||   151
       Kick              |    18 |     2 ||    20
Invok: Depart the Abyss  |     1 |       ||     1
  Use: Scroll            |     6 |       ||     6
       Potion            |     5 |     1 ||     6
  Eat: Chunk             |     4 |     3 ||     7
Armor: Chain mail        |   123 |    18 ||   141
       Skin              |    26 |       ||    26
Dodge: Dodged            |    28 |       ||    28
Block: Shield            |    53 |     8 ||    61

Table legend:
 A = Non-vault XP
 B = Vault XP
 C = Vault XP percentage of total XP
 D = Non-vault monster count
 E = Vault monster count
 F = Vault count percentage of total count
                 A         B        C        D         E       F
            +---------+---------+-------+---------+---------+-------
      Total |     148 |       0 |   0.0 |      49 |       0 |   0.0
            +---------+---------+-------+---------+---------+-------
        D:1 |      32 |       0 |   0.0 |      20 |       0 |   0.0
        D:2 |       8 |       0 |   0.0 |       5 |       0 |   0.0
        D:3 |     108 |       0 |   0.0 |      24 |       0 |   0.0
            +---------+---------+-------+---------+---------+-------
